 Dungeon Crawl Stone Soup version 0.28-a0-730-g892d06dc2c (webtiles) character file.

Game seed: 7116927395105646171

3 lawman0 the Grave Robber (level 1, -1/13 HPs)
             Began as a Palentonga Necromancer on Oct 29, 2021.
             Slain by a ball python (2 damage)
             ... on level 1 of the Dungeon.
             The game lasted 00:00:32 (67 turns).

lawman0 the Grave Robber (Palentonga Necromancer)     Turns: 67, Time: 00:00:32

Health: -1/13      AC:  4    Str: 11    XL:     1   Next: 41%
Magic:  2/3        EV:  9    Int: 15    God:
Gold:   0          SH:  0    Dex: 10    Spells: 3/4 levels left

rFire   . . .      SeeInvis +   (no weapon)
rCold   . . .      Faith    .   (no shield)
rNeg    . . .      Spirit   .   a - +0 robe
rPois   .          Reflect  .   (no helmet)
rElec   .          Harm     .   (no cloak)
rCorr   .          Rampage  .   (no gloves)
Will    .....                   (no barding)
Stlth   +.........              (no amulet)
HPRegen 0.04/turn               (no ring)
MPRegen 0.08/turn               (no ring)

@: no status effects
A: large, rugged brown scales 3, see invisible, deformed body, roll 1, armoured
tail
a: Rolling Charge


You were on level 1 of the Dungeon.
You visited 1 branch of the dungeon, and saw 1 of its levels.

Inventory:

Armour
 a - a +0 robe (worn)


   Skills:
 + Level 1.5 Dodging
 + Level 1.2 Stealth
 + Level 2.0 Spellcasting
 * Level 4.2 Necromancy


You had 3 spell levels left.
You knew the following spells:

 Your Spells              Type           Power      Damage    Failure   Level
a - Pain                  Necr           56%        1d6       4%          1

Your spell library contained the following spells:

 Spells                   Type           Power      Damage    Failure   Level
 Animate Skeleton         Necr           28%        N/A       4%          1
 Vampiric Draining        Necr           7%         2d7       12%         3
 Animate Dead             Necr           7%         N/A       36%         4
 Agony                    Necr           14%        N/A       73%         5


Dungeon Overview and Level Annotations

Branches:
Dungeon (1/15)

Altars:


Innate Abilities, Weirdness & Mutations

You are completely covered in rugged brown scales. (AC +3, +7% HP)
You have supernaturally acute eyesight. (SInv)
Armour fits poorly on your strangely shaped body.
You can roll at nearby foes to attack.
You have a long armoured tail.


Message History

The ball python barely misses you.
Your magical contamination has completely faded away.
The ball python closely misses you.
A goblin comes into view. It is wielding a +0 dagger.
The ball python bites you but does no damage.
A goblin comes into view. It is wielding a +0 dagger.
The goblin shouts!
Aiming: Pain (safe; 4% risk of failure)
Press: ? - help, Q - select action, (/) - cycle Shift-Dir - straight line, f - ball python
Aim: a ball python (chance to affect: 83%)
The ball python barely resists.
The ball python completely misses you. The ball python barely misses you.
Unknown command.
Unknown command.
You barely miss the goblin. The ball python bites you.
You closely miss the goblin. The goblin hits you with a +0 dagger.
* * * LOW HITPOINT WARNING * * *
The ball python bites you.
* * * LOW HITPOINT WARNING * * *
You barely miss the goblin. The goblin barely misses you.
The ball python bites you but does no damage.
You closely miss the goblin. The goblin hits you but does no damage.
The ball python bites you but does no damage.
You barely miss the goblin.
The ball python bites you but does no damage.
The goblin barely misses you. The ball python closely misses you.
You hit the goblin but do no damage. You tail-slap the goblin.
You kill the goblin!
The ball python barely misses you.
Unknown command.
Things that are here:
a +0 dagger; a goblin corpse Unknown command.
The ball python barely misses you.
You aren't carrying any potions.
Found a leather armour.
The ball python barely misses you.
A frilled lizard comes into view.
The ball python bites you.
You die...

### #.. #.# #.# #.#
########.##
####.###..........
#####......gg...###.####
.........##....S@.......
####.#.####.....###.####
# #)#####.[.## .#
#....###.## ##.# .#
####.# #l####..## ...
#....# ... .....
....#.#.###.... .). #..#
#g# #.## #g# #....#g#
#.###.#


You could see a hobgoblin, a goblin, a ball python and a frilled lizard
(wandering).

Vanquished Creatures
  2 goblins (D:1)
  A ball python (D:1)
3 creatures vanquished.

Notes
Turn   | Place    | Note
-------+----------+-------------------------------------------
     0 | D:1      | lawman0 the Palentonga Necromancer began the quest for the
                  | Orb.
     0 | D:1      | Reached XP level 1. HP: 13/13 MP: 3/3
    67 | D:1      | Slain by a ball python

Illustrated notes

Levels and vault maps discovered:
D:1:      roderic_chinese_lattice_arrival, layout_loops_ring,
          dreamdust_ecumenical_altar_angels_and_demons, minmay_heptomino_h4

Action                   || total
-------------------------++-------
Melee: Unarmed           ||     7
       Tailslap          ||     1
 Cast: Pain              ||     5
 Abil: Rolling Charge    ||     1
Armor: Robe              ||     9
Dodge: Dodged            ||    13

Table legend: (Time is in decaauts)
 A = Elapsed time spent in this place.
 B = Non-inter-level travel time spent in this place.
 C = Inter-level travel time spent in this place.
 D = Time resting spent in this place.
 E = Time spent auto-exploring this place.
 F = Levels seen in this place.
 G = Mean time per level.
                   A        B        C        D        E       F      G
               +--------+--------+--------+--------+--------+-----+--------+
         Total |     67 |     67 |      0 |      0 |      4 |   1 |   67.0 |
       Dungeon |     67 |     67 |      0 |      0 |      4 |   1 |   67.0 |
               +--------+--------+--------+--------+--------+-----+--------+

Top non-repeatable levels by time:
     D:1: 67 daAuts
